 Dungeon Crawl Stone Soup version 0.28.0-53-g5a82cb258f (webtiles) character file.

Game seed: 12141577391311657318

331 jjjjhere the Skirmisher (level 6, -1/71 HPs)
             Began as an Ogre Fighter on Aug 20, 2022.
             Was an Initiate of Okawaru.
             Slain by a quasit (3 damage)
             ... summoned by Eustachio
             ... in the Ecumenical Temple.
             The game lasted 00:04:49 (3800 turns).

jjjjhere the Skirmisher (Ogre Fighter)              Turns: 3800, Time: 00:04:50

Health: -1/71      AC:  4    Str: 21      XL:     6   Next: 52%
Magic:  6/6        EV:  9    Int:  9      God:    Okawaru [......]
Gold:   187        SH:  8    Dex: 14 (16) Spells: 5/5 levels left

rFire   . . .      SeeInvis .   a - +0 war axe
rCold   . . .      Faith    .   c - +0 kite shield
rNeg    . . .      Spirit   .   b - +0 robe
rPois   .          Reflect  .   e - +1 hat
rElec   .          Harm     .   (no cloak)
rCorr   .          Rampage  .   (gloves unavailable)
Will    .....                   (boots unavailable)
Stlth   +.........              (no amulet)
HPRegen 0.21/turn               g - +6 ring of dexterity
MPRegen 0.10/turn               (no ring)

@: no status effects
A: large, unfitting armour, tough skin 1
a: Renounce Religion


You were in the Ecumenical Temple.
You worshipped Okawaru.
Okawaru was noncommittal.
You visited 2 branches of the dungeon, and saw 5 of its levels.

You collected 187 gold pieces.

Inventory:

Hand Weapons
 a - a +0 war axe (weapon)
Missiles
 f - 5 curare-tipped darts (quivered)
 o - a throwing net
Armour
 b - a +0 robe (worn)
 c - a +0 kite shield (worn)
 e - a +1 hat (worn)
Jewellery
 g - a +6 ring of dexterity (left hand)
 k - a ring of ice
Scrolls
 i - 3 scrolls of identify {unknown}
 j - a scroll of enchant weapon {unknown}
 n - a scroll of teleportation
 p - a scroll of enchant armour {unknown}
Potions
 d - a potion of degeneration {unknown}
 h - a potion of resistance {unknown}
 l - a potion of brilliance {unknown}
 m - a potion of curing


   Skills:
 + Level 7.2 Fighting
 + Level 4.9 Axes
 - Level 2.6 Dodging
 - Level 2.6 Shields


You had 5 spell levels left.
You didn't know any spells.
Your spell library contained the following spells:

 Spells                   Type           Power      Damage    Failure   Level
 Apportation              Tloc           0%         N/A       69%         1
 Sandblast                Erth           0%         2d4       69%         1
 Passwall                 Tmut/Erth      0%         N/A       83%         2
 Stone Arrow              Conj/Erth      0%         3d7       96%         3
 Animate Skeleton         Necr           Unusable   N/A       N/A         1
 Summon Small Mammal      Summ           Unusable   N/A       N/A         1

Dungeon Overview and Level Annotations

Branches:
Dungeon (4/15)             Temple (1/1) D:4

Altars:
Dithmenos
Okawaru
Qazlal
Xom
Yredelemnul

Shops:
D:3 [   D:4 [

Portals:
Abyss: D:4

Annotations:
D:3 2 transporters
D:4 2 transporters, Natasha; Robin; pesado's ghost, novice DrFE
Temple Eustachio


Innate Abilities, Weirdness & Mutations

You are too large for most types of armour.
You have tough skin. (AC +1)


Message History

The white imp hits you but does no damage.
The quasit barely misses you. The quasit closely misses you.
The quasit barely misses you. You block the quasit's attack.
The quasit claws you but does no damage. x2
You completely miss Eustachio.
Eustachio is heavily wounded.
You hit the white imp but do no damage. You closely miss the quasit.
You miss the quasit.
The quasit bites you but does no damage.
The quasit closely misses you. You block the quasit's attack.
Eustachio hits you with a +0 falchion.
The quasit bites you but does no damage.
The quasit claws you.
The quasit claws you but does no damage.
The white imp hits you. The white imp freezes you.
The quasit bites you but does no damage.
The quasit barely misses you. You block the quasit's attack.
Eustachio hits you with a +0 falchion.
* * * LOW HITPOINT WARNING * * *
The quasit bites you but does no damage.
You block the quasit's attack. The quasit barely misses you.
The white imp hits you but does no damage.
Throw: 6 darts (curare)
Press: ? - help, Q - select action, (/) - cycle Shift-Dir - straight line, f - quasit
Aim: a quasit (summoned, 37% to hit)
You throw a curare-tipped dart.
The curare-tipped dart misses the quasit.
The quasit bites you.
* * * LOW HITPOINT WARNING * * *
You block the quasit's attack.
The quasit claws you but does no damage.
You block the quasit's attack.
The quasit claws you but does no damage.
The quasit misses you. Eustachio hits you with a +0 falchion.
* * * LOW HITPOINT WARNING * * *
The white imp gestures at you. The puff of frost hits you!
* * * LOW HITPOINT WARNING * * *
The quasit bites you.
You die...

......P......8.....8.♣
...P.................♣
.P...................♣
......P..............♣
P....................♣
♣.♣.♣.♣.♣......§§§...♣
.............⌠.§...⌠.♣
...............@§5...♣
.........(.....5@....♣
...............5.)...♣
.............⌠.....⌠.♣
♣.♣.♣.♣.♣............♣
..P..................♣
.....................♣
......P..............♣
.....................♣


You could see Eustachio, 2 quasits and a white imp (summoned).

Vanquished Creatures
  Grinder (D:3)
  An orc wizard (D:3)
  Natasha (D:4)
  A hound skeleton (D:4)
  A gnoll (D:1)
  A worm (D:2)
  3 dart slugs
  4 orcs
  4 ball pythons
  5 endoplasms
  3 giant cockroaches
  6 goblins
  4 hobgoblins
  2 bats (D:1)
  6 frilled lizards
  6 kobolds
  4 rats
53 creatures vanquished.

Notes
Turn   | Place    | Note
-------+----------+-------------------------------------------
     0 | D:1      | jjjjhere the Ogre Fighter began the quest for the Orb.
     0 | D:1      | Reached XP level 1. HP: 24/24 MP: 1/1
    96 | D:1      | Reached XP level 2. HP: 13/33 MP: 2/2
   779 | D:1      | Found a faded altar of an unknown god.
   896 | D:1      | Reached XP level 3. HP: 34/40 MP: 3/3
  1070 | D:2      | You fall into a shaft and drop 2 floors!
  1070 | D:4      | Noticed Robin
  1070 | D:4      | Noticed Eustachio
  1075 | D:4      | Found Saeb's Armour Shop.
  1104 | D:4      | Found a staircase to the Ecumenical Temple.
  1111 | Temple   | Entered the Ecumenical Temple
  1151 | Temple   | Became a worshipper of Warmaster Okawaru
  1221 | D:4      | Reached skill level 5 in Fighting
  1328 | D:3      | Found a transporter.
  1342 | D:3      | Found a transporter.
  1364 | D:3      | Found a shadowy altar of Dithmenos.
  1715 | D:2      | Reached XP level 4. HP: 47/50 MP: 4/4
  2578 | D:3      | Noticed Grinder
  2582 | D:3      | Paralysed by Grinder for 4 turns
  2594 | D:3      | HP: 16/50 [Grinder (3)]
  2603 | D:3      | HP: 9/50 [Grinder (9)]
  2604 | D:3      | Killed Grinder
  2605 | D:3      | Reached skill level 7 in Fighting
  2605 | D:3      | Reached XP level 5. HP: 8/62 MP: 5/5
  2605 | D:3      | Reached XP level 6. HP: 9/71 MP: 6/6
  3164 | D:3      | Found Qieph's Antique Armour Boutique.
  3559 | D:4      | Noticed Natasha
  3563 | D:4      | Found a transporter.
  3567 | D:4      | Found a transporter.
  3568 | D:4      | Found a one-way gate to the infinite horrors of the Abyss.
  3570 | D:4      | Noticed a small abomination
  3575 | D:4      | Noticed pesado's ghost (novice DrFE)
  3576 | D:4      | Killed Natasha
  3579 | D:4      | Noticed a toenail golem
  3592 | D:4      | Noticed an orc warrior
  3637 | D:4      | Noticed Natasha
  3799 | Temple   | HP: 22/71 [white imp[Eustachio] (5)]
  3800 | Temple   | HP: 2/71 [white imp/puff of frost[Eustachio] (12)]
  3800 | Temple   | Slain by a quasit

Illustrated notes

Levels and vault maps discovered:
D:1:      nzn_arrival_water_spiral, layout_rooms,
          hellmonk_ecumenical_altar_leap_of_faith, hangedman_decor_growths
D:2:      layout_basic
D:3:      gammafunk_steamed_eel, layout_loops_ring, grunt_dithmenos_smoke,
          serial_shops, shop_statue, nicolae_underground_beach, uniq_grinder
D:4:      layout_basic, amcnicky_altar_gilded, temple_green,
          gammafunk_ghost_abyssal_escape, serial_shops,
          nicolae_shop_advertising_works [nicolae_subvault_shop_adworks],
          uniq_robin, uniq_natasha, uniq_eustachio
Temple:   jpeg_temple_alley_garden

Skill      XL: |  1  2  3  4 |
---------------+-------------+-----
Fighting       | 5 7 |  7.2
Axes           | 3 4 |  4.9
Dodging        | |  2.6
Shields        | |  2.6

Action                   |  1- 3 |  4- 6 || total
-------------------------+-------+-------++-------
Melee: War axe           |    94 |    80 ||   174
Throw: Dart              |       |     3 ||     3
  Use: Scroll            |     2 |       ||     2
       Potion            |       |     1 ||     1
 Stab: Sleeping          |     1 |     2 ||     3
Armor: Robe              |    34 |    31 ||    65
Dodge: Dodged            |    37 |    48 ||    85
Block: Kite shield       |    49 |    53 ||   102
